 Dungeon Crawl Stone Soup version 0.24.0-35-gdb84b6a5db (webtiles) character file.

Game seed: 5388889377000126318, levelgen mode: deterministic

56 Iamsoldier the Charmwright (level 3, -6/31 HPs)
             Began as a Gnoll Skald on Nov 20, 2019.
             Mangled by a gnoll
             ... wielding a +0 flail
              (10 damage)
             ... on level 2 of the Dungeon.
             The game lasted 00:02:28 (1336 turns).

Iamsoldier the Charmwright (Gnoll Skald)            Turns: 1336, Time: 00:02:28

Health: -6/31      AC:  4    Str: 13    XL:     3   Next: 95%
Magic:  2/9        EV: 14    Int: 16    God:
Gold:   76         SH:  0    Dex: 14    Spells: 3/12 levels left

rFire    . . .     SeeInvis .   a - +0 spear
rCold    . . .     Gourm    .   (no shield)
rNeg     . . .     Faith    .   b - +0 leather armour
rPois    .         Spirit   .   f - +0 helmet
rElec    .         Reflect  .   (no cloak)
rCorr    .         Harm     .   (no gloves)
MR       .....                  (no boots)
Stlth    +.........             (no amulet)
HPRegen  0.10/turn              (no ring)
MPRegen  0.11/turn              (no ring)

@: infused
A: distributed training, fangs 1, strong nose
a: no special abilities


You were on level 2 of the Dungeon.
You were hungry.

You visited 1 branch of the dungeon, and saw 2 of its levels.

You collected 76 gold pieces.

Inventory:

Hand Weapons
 a - a +0 spear (weapon)
Armour
 b - a +0 leather armour (worn)
 f - a +0 helmet (worn)
Scrolls
 e - a scroll of immolation {unknown}
 g - a scroll of remove curse {unknown}
Potions
 h - a potion of degeneration {unknown}
 i - a potion of mutation {unknown}
 j - a potion of curing {unknown}
 k - a potion of berserk rage {unknown}
Comestibles
 d - 4 rations


   Skills:
 + Level 4.6 Fighting
 + Level 1.0 Short Blades
 + Level 1.0 Long Blades
 + Level 1.0 Axes
 + Level 1.0 Maces & Flails
 + Level 4.6 Polearms
 + Level 1.0 Staves
 + Level 1.0 Slings
 + Level 1.0 Bows
 + Level 1.0 Crossbows
 + Level 1.0 Throwing
 + Level 2.6 Armour
 + Level 4.6 Dodging
 + Level 1.0 Stealth
 + Level 1.0 Shields
 + Level 1.0 Unarmed Combat
 + Level 5.0 Spellcasting
 + Level 0.7 Conjurations
 + Level 0.7 Hexes
 + Level 5.4 Charms
 + Level 0.7 Summonings
 + Level 0.7 Necromancy
 + Level 0.7 Translocations
 + Level 0.7 Transmutations
 + Level 0.7 Fire Magic
 + Level 0.7 Ice Magic
 + Level 0.7 Air Magic
 + Level 0.7 Earth Magic
 + Level 0.7 Poison Magic
 + Level 1.0 Invocations
 + Level 1.0 Evocations


You had 3 spell levels left.
You knew the following spells:

 Your Spells              Type           Power        Failure   Level  Hunger
a - Infusion              Chrm           ###.         1%          1    None
b - Shroud of Golubria    Chrm/Tloc      ##....       9%          2    #......
c - Spectral Weapon       Hex/Chrm       ##......     16%         3    ###....
d - Regeneration          Chrm/Necr      ##........   16%         3    ###....

Your spell library contained the following spells:

 Spells                   Type           Power        Failure   Level  Hunger
 Song of Slaying          Chrm           ###.....     3%          2    #......


Dungeon Overview and Level Annotations

Branches:
Dungeon (2/15)

Altars:


Innate Abilities, Weirdness & Mutations

Your experience applies equally to all skills.
You have very sharp teeth.
Your uncanny sense of smell can sniff out nearby items.


Message History

Your Unarmed Combat skill increases to level 1!
Your Evocations skill increases to level 1!
The gnoll hits you with a +0 flail! The gnoll closely misses you.
You closely miss the gnoll.
Your spectral weapon hits the gnoll.
The gnoll misses you.
The gnoll splashes around in the water.
You hit the gnoll.
The gnoll is moderately wounded.
Your spectral weapon hits the gnoll.
The gnoll splashes around in the water.
The gnoll hits you with a +0 flail!
* * * LOW HITPOINT WARNING * * *
You are too injured to fight recklessly!
You are too injured to fight recklessly!
You barely miss the gnoll.
The gnoll is heavily wounded.
Your spectral weapon hits the gnoll but does no damage.
You closely miss the gnoll.
The gnoll is heavily wounded.
Your spectral weapon hits the gnoll.
The gnoll barely misses you. The gnoll hits you with a +0 flail!
You die...

##################
#######........#.!......
##.............).........
##...........P≈.@g....≈.≈.
#.....≈≈.≈..≈≈≈.(g≈.≈≈≈≈≈≈
....≈.≈≈≈≈≈≈≈≈≈≈≈≈P≈≈≈≈≈≈≈
......≈≈≈≈≈≈≈≈≈≈≈≈≈≈≈≈≈≈≈≈
.≈≈≈≈≈≈≈≈≈≈≈≈≈≈≈≈.P≈≈≈≈≈≈P
..≈≈P≈≈≈≈≈≈≈PP≈..≈...≈.≈..
≈≈P≈≈≈≈≈P≈≈≈..≈..........?
.P≈≈≈≈≈≈≈≈≈.....#..#######
≈P≈≈≈≈.....


You could see 2 gnolls and a friendly spectral +0 spear.

Vanquished Creatures
  A gnoll (D:2)
  An ooze (D:2)
  A worm (D:2)
  A leopard gecko (D:1)
  4 giant cockroaches
  6 goblins (D:1)
  4 hobgoblins
  6 kobolds
  4 bats (D:1)
  5 frilled lizards
  2 rats
35 creatures vanquished.

Notes
Turn   | Place    | Note
-------+----------+-------------------------------------------
     0 | D:1      | Iamsoldier the Gnoll Skald began the quest for the Orb.
     0 | D:1      | Reached XP level 1. HP: 20/20 MP: 6/6
    71 | D:1      | Reached XP level 2. HP: 24/26 MP: 4/7
   474 | D:1      | Reached XP level 3. HP: 31/31 MP: 9/9
   707 | D:1      | Reached skill level 5 in Spellcasting
   765 | D:1      | Learned a level 2 spell: Shroud of Golubria
   769 | D:1      | Learned a level 3 spell: Spectral Weapon
   773 | D:1      | Learned a level 3 spell: Regeneration
  1093 | D:2      | Reached skill level 1 in Invocations
  1332 | D:2      | Reached skill level 1 in Short Blades
  1332 | D:2      | Reached skill level 1 in Long Blades
  1332 | D:2      | Reached skill level 1 in Axes
  1332 | D:2      | Reached skill level 1 in Maces & Flails
  1332 | D:2      | Reached skill level 1 in Staves
  1332 | D:2      | Reached skill level 1 in Slings
  1332 | D:2      | Reached skill level 1 in Bows
  1332 | D:2      | Reached skill level 1 in Crossbows
  1332 | D:2      | Reached skill level 1 in Throwing
  1332 | D:2      | Reached skill level 1 in Stealth
  1332 | D:2      | Reached skill level 1 in Shields
  1332 | D:2      | Reached skill level 1 in Unarmed Combat
  1332 | D:2      | Reached skill level 1 in Evocations
  1336 | D:2      | Mangled by a gnoll

Levels and vault maps discovered:
D:1:      saegor_arrival_simple_e, layout_basic
D:2:      layout_rooms, kiku_gazebo_pond_becter, chequers_big_river,
          minmay_misc_feat_nine_boxes

Skill      XL: |  1  2  3 |
---------------+----------+-----
Spellcasting   | 5 |  5.0
Invocations    | 1 |  1.0
Short Blades   | 1 |  1.0
Long Blades    | 1 |  1.0
Axes           | 1 |  1.0
Maces & Flails | 1 |  1.0
Staves         | 1 |  1.0
Slings         | 1 |  1.0
Bows           | 1 |  1.0
Crossbows      | 1 |  1.0
Throwing       | 1 |  1.0
Stealth        | 1 |  1.0
Shields        | 1 |  1.0
Unarmed Combat | 1 |  1.0
Evocations     | 1 |  1.0
Fighting       | |  4.6
Polearms       | |  4.6
Armour         | |  2.6
Dodging        | |  4.6
Conjurations   | |  0.7
Hexes          | |  0.7
Charms         | |  5.4
Summonings     | |  0.7
Necromancy     | |  0.7
Translocations | |  0.7
Transmutations | |  0.7
Fire Magic     | |  0.7
Ice Magic      | |  0.7
Air Magic      | |  0.7
Earth Magic    | |  0.7
Poison Magic   | |  0.7

Action                   || total
-------------------------++-------
Melee: Spear             ||   105
       Bite              ||     8
 Cast: Infusion          ||     9
       Spectral Weapon   ||     2
 Stab: Sleeping          ||     1
  Eat: Chunk             ||     1
Armor: Leather armour    ||    17
Dodge: Dodged            ||    53
